 Dungeon Crawl Stone Soup version 0.30.0-5-g1a98f26d00 (webtiles) character file.

Game seed: 8897957408003209047

32 backslashecho the Charlatan (level 3, 0/20 HPs)
             Began as a Deep Elf Artificer on May 11, 2023.
             Slain by an adder (1 damage)
             ... on level 1 of the Dungeon.
             The game lasted 00:04:02 (1506 turns).

backslashecho the Charlatan (Deep Elf Artificer)    Turns: 1506, Time: 00:04:03

Health: 0/20       AC:  3    Str:  9    XL:     3   Next: 8%
Magic:  10/13      EV: 12    Int: 23    God:
Gold:   36         SH:  0    Dex: 15    Spells: 4/5 levels left

rFire   . . .        a - +6 Majin-Bo {spellvamp, MP+6 Int+6}
rCold   . . .        (no shield)
rNeg    . . .        f - +0 leather armour
rPois   .            (no helmet)
rElec   .            (no cloak)
rCorr   .            (no gloves)
SInv    .            (no boots)
Will    .....        (no amulet)
Stlth   ++           (no ring)
HPRegen 0.23/turn    (no ring)
MPRegen 0.13/turn

%: no passive effects
@: lethally poisoned (0 -> -8)
A: no striking features
a: no special abilities


You were on level 1 of the Dungeon.
You visited 1 branch of the dungeon, and saw 2 of its levels.

You collected 48 gold pieces.
You spent 12 gold pieces at shops.

Inventory:

Hand Weapons
 a - the +6 Majin-Bo (weapon) {spellvamp, MP+6 Int+6}
   (You acquired it on level 1 of the Dungeon)

   Int:       It affects your intelligence (+6).
   MP:        It affects your magic capacity (+6).
 b - a +0 dagger
Armour
 f - a +0 leather armour (worn)
Wands
 c - a wand of flame (10) (quivered)
 d - a wand of charming (15)
 e - a wand of iceblast (5)
Scrolls
 j - a scroll of magic mapping {unknown}
 m - a scroll of blinking {unknown}
 o - a scroll of identify {unknown}
 p - a scroll of fear {unknown}
Potions
 g - 2 potions of mutation {unknown}
 h - a potion of berserk rage {unknown}
 i - 2 potions of ambrosia {unknown}
 k - a potion of flight {unknown}
 l - a potion of cancellation {unknown}
 n - a potion of curing {unknown}


   Skills:
 - Level 1.0 Fighting
 - Level 1.0 Armour
 + Level 2.9 Dodging
 + Level 2.0 Stealth
 + Level 1.5 Spellcasting
 * Level 0.5 Earth Magic
 + Level 3.5 Evocations


You had 4 spell levels left.
You knew the following spells:

 Your Spells              Type           Power      Damage    Failure   Level
a - Sandblast             Erth           8%         2d5       14%         1

Your spell library contained the following spells:

 Spells                   Type           Power      Damage    Failure   Level
 Shock                    Conj/Air       4%         1d3       19%         1
 Passwall                 Tmut/Erth      1%         N/A       26%         2
 Stone Arrow              Conj/Erth      4%         3d7       45%         3
 Swiftness                Air            1%         N/A       50%         3
 Airstrike                Air            0%         2d(1-17)  88%         4


Dungeon Overview and Level Annotations

Branches:
Dungeon (2/15)

Altars:
Sif Muna

Shops:
D:1 !


Message History

MP restored: 13 You climb downwards.
The frilled lizard hisses angrily.
The adder bites you. The gnoll closely misses you. The adder bites you.
The endoplasm misses you.
There is a stone staircase leading up here.
You take 2 damage, and have 18/20 hp.
The adder bites you. The endoplasm freezes you.
You are frozen.
The gnoll barely misses you.
You climb upwards.
There is a stone staircase leading down here.
You take 4 damage, and have 14/20 hp.
Casting: Sandblast (safe; 14% risk of failure)
Confirm with . or Enter, or press ? or * to list all spells.
Aiming: Sandblast (safe; 14% risk of failure)
Press: ? - help, Shift-Dir - straight line, f - adder
Aim: an adder (68% to hit)
The blast of sand hits the adder!
You feel better.
The adder is severely wounded.
The adder bites you.
You are poisoned.
The adder poisons you!
The endoplasm hits you but does no damage.
The adder closely misses you. The endoplasm freezes you.
You are frozen.
You take 1 damage, and have 13/20 hp.
You now have 12/13 mp.
Casting: Sandblast (safe; 14% risk of failure)
Confirm with . or Enter, or press ? or * to list all spells.
Aiming: Sandblast (safe; 14% risk of failure)
Press: ? - help, Shift-Dir - straight line, f/p - adder
Aim: an adder (severely wounded, 68% to hit)
The blast of sand misses the adder.
You feel sick. The adder misses you. The adder closely misses you.
The endoplasm completely misses you.
You take 3 damage, and have 10/20 hp.
You now have 11/13 mp.
Casting: Sandblast (safe; 14% risk of failure)
Confirm with . or Enter, or press ? or * to list all spells.
Aiming: Sandblast (safe; 14% risk of failure)
Press: ? - help, Shift-Dir - straight line, f/p - adder
Aim: an adder (severely wounded, 68% to hit)
The blast of sand misses the adder.
You feel sick. The adder bites you.
* * * LOW HITPOINT WARNING * * *
You are lethally poisoned!
The adder poisons you! The endoplasm freezes you.
You are frozen.
* * * LOW HITPOINT WARNING * * *
The adder bites you.
You die...

#.## #.####.## #.# #.##.
#.# #.# ##.## #.# #.##.
#.######.###...###
#.###.###
#................# #..##.#
#..####..###...#.# ##.##.#
...# #.## ##.##.# ##.##.#
..## #.# #.##.# ##...#.###
#.# #†#
#.##J#######......#.. #.#
#.# #.##@S............#.#
#.#
#.#####.##########.....##.#
#.# #.##....# ##...###.#
#.# #.##.############ ##.##
#.# #.#
#.##.#....).....####.# #..
#.#
#.##.#............)..####.#
#.#
#.##.#..#.................#
#.#
#.##.#..#.#####.########..#
#.# #.......#.#
#.########..#


You could see an adder and an endoplasm.

Vanquished Creatures
  3 dart slugs (D:1)
  5 endoplasms (D:1)
  2 giant cockroaches (D:1)
  3 hobgoblins (D:1)
  A quokka (D:1)
  4 bats
  A frilled lizard (D:1)
  2 kobolds (D:1)
  3 rats (D:1)
24 creatures vanquished.

Notes
Turn   | Place    | Note
-------+----------+-------------------------------------------
     0 | D:1      | backslashecho the Deep Elf Artificer began the quest for
                  | the Orb.
     0 | D:1      | Reached XP level 1. HP: 11/11 MP: 3/3
   212 | D:1      | Reached skill level 1 in Armour
   231 | D:1      | Reached skill level 1 in Fighting
   231 | D:1      | Reached XP level 2. HP: 7/16 MP: 3/5
   445 | D:1      | Found Syrioge's Distillery.
   465 | D:1      | Reached skill level 1 in Spellcasting
   467 | D:1      | Bought a potion of degeneration for 12 gold pieces
   575 | D:1      | Learned a level 1 spell: Sandblast
   832 | D:1      | Reached XP level 3. HP: 20/20 MP: 3/7
  1210 | D:2      | Found a shimmering blue altar of Sif Muna.
  1427 | D:1      | Identified a scroll of acquirement
  1427 | D:1      | Acquired the +6 Majin-Bo {spellvamp, MP+6 Int+6}
  1427 | D:1      | Found the +6 Majin-Bo {spellvamp, MP+6 Int+6}
  1506 | D:1      | HP: 1/20 [frozen (4)]
  1506 | D:1      | Slain by an adder

Illustrated notes

Levels and vault maps discovered:
D:1:      wheals_arrival_linesprint, layout_loops_ring, serial_shops,
          nicolae_shop_industrial_runoff, minmay_misc_feat_columns
D:2:      layout_rooms, basic_altar, ebering_ecumenical_altar_box

Skill      XL: |  1  2 |
---------------+-------+-----
Armour         | 1 |  1.0
Fighting       | 1 |  1.0
Spellcasting   | 1 |  1.5
Stealth        | 2 |  2.0
Dodging        | |  2.9
Earth Magic    | |  0.5
Evocations     | |  3.5

Action                     || total
---------------------------++-------
  Melee: Dagger            ||    51
         Club              ||    17
         Punch             ||     2
   Cast: Sandblast         ||    18
  Evoke: Wand              ||     5
    Use: Scroll            ||     1
   Stab: Sleeping          ||     1
 Armour: Leather armour    ||    20
  Dodge: Dodged            ||    60
